[Event "Team 45 45 League T50"]
[Site "Internet Chess Club"]
[Date "2011.08.21"]
[Round "2"]
[White "malihini"]
[Black "jjaillet2007"]
[Result "1/2-1/2"]
[WhiteElo "1177"]
[BlackElo "1336"]
[Opening "French defense"]
[ECO "C00"]
[Time "20:02:42"]
[TimeControl "2700+45"]

1. e4 e6 2. Nf3 d5 3. d3 c5 4. c3 Nc6 5. Be2 Nf6 6. Nbd2 Bd6 7. O-O O-O 8. a3
dxe4 9. Nxe4 Nxe4 10. dxe4 Ne5 11. Nxe5 Bxe5 12. f4 Bc7 13. Be3 b6 14. b4 Qxd1
15. Raxd1 cxb4 16. axb4 a5 17. Bb5 axb4 18. cxb4 Ba6 19. Bxa6 Rxa6 20. Ra1 Rfa8
21. Rxa6 Rxa6 22. Rc1 Bd6 23. Rc8+ Bf8 24. Rb8 Ra1+ 25. Kf2 f5 26. Bxb6 Kf7 27.
Bc5 Bxc5+ 28. bxc5 fxe4 29. c6 Rc1 30. Rb7+ Kf6 31. c7 h6 32. Ke3 Rc4 33. g3 g5
{Game drawn by mutual agreement} 1/2-1/2

[Event "Team 45 45 League T50"]
[Site "Internet Chess Club"]
[Date "2011.08.21"]
[Round "2"]
[White "BosqueVerde"]
[Black "semperfi"]
[Result "1-0"]
[WhiteElo "1216"]
[BlackElo "1239"]
[Opening "King's Indian defense, 3.Nc3"]
[ECO "E61"]
[Time "15:00:21"]
[TimeControl "2700+45"]

1. d4 Nf6 2. c4 g6 3. Nc3 Bg7 4. Nf3 d6 5. h3 O-O 6. Bg5 c6 7. Qc2 d5 8. e3 Nbd7
9. cxd5 cxd5 10. Bd3 Qc7 11. Rc1 h6 12. Bf4 Qd8 13. O-O b6 14. b4 Bb7 15. Bxg6
Ne4 16. Bxe4 dxe4 17. Nxe4 Rc8 18. Qd3 Bxe4 19. Qxe4 f5 20. Qd5+ Kh8 21. Be5 Nf6
22. Qb7 Qd7 23. Qxd7 Nxd7 24. Bxg7+ Kxg7 25. d5 Nf6 26. Nd4 Rg8 27. Nc6 Nxd5 28.
Nxa7 Rxc1 29. Rxc1 Nxb4 30. a4 Kf6 31. f4 Rg3 32. Nc6 Nd3 33. Rb1 Rxe3 34. Rxb6
e6 35. a5 h5 36. a6 Re1+ 37. Kh2 h4 38. a7 Nf2 39. g4 fxg4 40. a8=Q Rh1+ 41. Kg2
gxh3+ 42. Kxf2 Rh2+ 43. Ke3 Rg2 44. Qf8+ Kg6 45. Ne5+ {Black resigns} 1-0

[Event "Team 45 45 League T50"]
[Site "Internet Chess Club"]
[Date "2011.08.23"]
[Round "2"]
[White "CoasterBrake"]
[Black "WannaB"]
[Result "0-1"]
[WhiteElo "1114"]
[BlackElo "1127"]
[Opening "Sicilian: Alapin's variation (2.c3)"]
[ECO "B22"]
[Time "13:04:00"]
[TimeControl "2700+45"]

1. e4 c5 2. c3 g6 3. d4 d6 4. Nf3 Bg7 5. Bb5+ Bd7 6. Bd3 Nf6 7. O-O O-O 8. e5
dxe5 9. Nxe5 cxd4 10. cxd4 a6 11. Nc3 Nc6 12. Nxd7 Qxd7 13. Bg5 Nxd4 14. Bxf6
Bxf6 15. Ne4 Bg7 16. Rc1 Rac8 17. Nc5 Qd5 18. Be4 Qxa2 19. Bxb7 Rcd8 20. Bxa6
Qxb2 21. Re1 Nf5 22. Qc2 Qxc2 23. Rxc2 Nd4 24. Rc4 Nc6 25. Bb5 Ne5 26. Rc2 Rb8
27. Bc4 Rb4 28. Be2 Rd8 29. g3 e6 30. Rd1 Rxd1+ 31. Bxd1 Bf6 32. Kg2 h5 33. Bf3
Nxf3 34. Kxf3 g5 35. Ne4 Kg7 36. Rc5 Rb3+ 37. Kg2 Bd4 38. Rxg5+ Kh6 39. h4 f6
40. Nxf6 Bxf6 41. Rc5 Rb6 42. Kh3 Kg6 43. g4 hxg4+ 44. Kxg4 e5 45. f3 Rb4+ 46.
Kg3 Rxh4 47. Rc8 Kf5 48. Rf8 Rh1 49. Kg2 Rh8 50. Rf7 Rb8 51. Rh7 Rb2+ 52. Kg3
Rb3 53. Kf2 Kf4 54. Rh3 Rb2+ 55. Kf1 Ke3 56. f4+ Kxf4 {White resigns} 0-1

[Event "Team 45 45 League T50"]
[Site "Internet Chess Club"]
[Date "2011.08.22"]
[Round "2"]
[White "latayvia"]
[Black "mitus"]
[Result "0-1"]
[WhiteElo "1748"]
[BlackElo "1830"]
[Opening "KGD: Falkbeer, Keres variation"]
[ECO "C32"]
[Time "09:01:08"]
[TimeControl "2700+45"]

1. e4 e5 2. f4 d5 3. exd5 e4 4. d3 Nf6 5. Nd2 exd3 6. Bxd3 Qxd5 7. Ngf3 Bc5 8.
Bc4 Qd6 9. Qe2+ Qe7 10. Qxe7+ Kxe7 11. Nb3 Bb6 12. Bd2 Nc6 13. O-O-O Re8 14. Bb5
Kf8 15. Bxc6 bxc6 16. Bb4+ Kg8 17. Rhe1 Bg4 18. Re5 Nd5 19. Bd2 f6 20. Ree1 Ne3
21. Bxe3 Bxe3+ 22. Kb1 Bxf4 23. Nbd4 c5 24. Ne2 Bxf3 25. gxf3 Bxh2 26. f4 Re4
{White resigns} 0-1

[Event "Team 45 45 League T50"]
[Site "Internet Chess Club"]
[Date "2011.08.20"]
[Round "2"]
[White "Warpdrive"]
[Black "bayoumicardio10"]
[Result "0-1"]
[WhiteElo "1608"]
[BlackElo "1642"]
[Opening "Pirc defense"]
[ECO "B07"]
[Time "17:00:25"]
[TimeControl "2700+45"]

1. e4 d6 2. d4 Nf6 3. Nc3 g6 4. Be2 Bg7 5. Be3 c6 6. Qd2 O-O 7. h4 e5 8. h5 exd4
9. Bxd4 Bg4 10. f3 Be6 11. hxg6 fxg6 12. g4 c5 13. Be3 Nc6 14. O-O-O a6 15. Qxd6
Qxd6 16. Rxd6 Bf7 17. Bxc5 Rfe8 18. Nh3 Bf8 19. Rxf6 Bxc5 20. Ng5 Be3+ 21. Kb1
Bxg5 22. Rd6 Red8 23. Rhd1 Bf4 24. Rxd8+ Rxd8 25. Rxd8+ Nxd8 26. Nd5 Bxd5 27.
exd5 Nf7 28. c4 h5 29. gxh5 gxh5 30. Bf1 Kf8 31. b4 Ng5 32. c5 h4 33. Bg2 h3 34.
Bh1 h2 35. a4 Nh3 36. b5 axb5 37. axb5 Ke7 38. Kc2 Nf2 39. Bg2 Kd7 40. Kc3 Kc8
41. Kd4 h1=Q 42. Bxh1 Nxh1 43. Ke4 Bh6 44. f4 Ng3+ 45. Ke5 Ne2 46. f5 Nc3 47.
Ke6 Nxb5 48. Ke7 Bg5+ 49. f6 Nc7 50. d6 Nd5+ 51. Ke6 Nxf6 52. Kf5 Nd7 53. Kxg5
Nxc5 54. Kf5 b5 55. Ke5 b4 56. Kd4 b3 57. Kc3 Kd7 58. Kb2 Kxd6 59. Kc3 Kd5 60.
Kb2 Kc4 61. Kc1 Kc3 62. Kb1 Ne4 63. Kc1 b2+ {White resigns} 0-1

[Event "Team 45 45 League T50"]
[Site "Internet Chess Club"]
[Date "2011.08.20"]
[Round "2"]
[White "cmarler"]
[Black "tryanything"]
[Result "1/2-1/2"]
[WhiteElo "1460"]
[BlackElo "1561"]
[Opening "QGD: Albin counter-gambit"]
[ECO "D08"]
[Time "20:00:20"]
[TimeControl "2700+45"]

1. d4 d5 2. c4 e5 3. dxe5 d4 4. Nf3 Nc6 5. e3 Bb4+ 6. Bd2 dxe3 7. Bxb4 exf2+ 8.
Ke2 Qxd1+ 9. Kxd1 Nxb4 10. a3 Nc6 11. Nc3 Bg4 12. Nb5 O-O-O+ 13. Kc2 Bxf3 14.
gxf3 a6 15. Nc3 Nxe5 16. Bh3+ Kb8 17. Rhf1 Nxf3 18. Rxf2 Nd4+ 19. Kb1 Nf6 20.
Ka2 Rhe8 21. Rg1 Ne4 22. Nxe4 Rxe4 23. Rxf7 Re2 24. Rgxg7 Rxh2 25. Rxc7 Rxh3 26.
Rxb7+ Ka8 {Game drawn by mutual agreement} 1/2-1/2

[Event "Team 45 45 League T50"]
[Site "Internet Chess Club"]
[Date "2011.08.20"]
[Round "2"]
[White "PostMike"]
[Black "MCJR"]
[Result "0-1"]
[WhiteElo "1431"]
[BlackElo "1452"]
[Opening "Sicilian: Labourdonnais-Löwenthal variation"]
[ECO "B32"]
[Time "14:30:13"]
[TimeControl "2700+45"]

1. e4 c5 2. Nf3 Nc6 3. d4 cxd4 4. Nxd4 e5 5. Nb5 a6 6. Nd6+ Bxd6 7. Qxd6 Qf6 8.
Qd1 Nge7 9. Bc4 O-O 10. O-O Rd8 11. Be3 d5 12. Bxd5 Nxd5 13. exd5 Ne7 14. c4 Qg6
15. f3 Nf5 16. Qd2 Nh4 17. Bg5 Nxg2 18. Qxg2 Re8 19. Nc3 h6 20. Bh4 Qh5 21. Qf2
Bh3 22. Rfe1 Qg6+ 23. Kh1 Rac8 24. Qe2 b6 25. Rg1 Qh5 26. Bf2 Rxc4 27. Rg3 Rh4
28. Rag1 g6 29. Qxa6 Bc8 30. Qxb6 Rxh2# {White checkmated} 0-1

[Event "Team 45 45 League T50"]
[Site "Internet Chess Club"]
[Date "2011.08.22"]
[Round "2"]
[White "isolani"]
[Black "Innes"]
[Result "0-1"]
[WhiteElo "1483"]
[BlackElo "1676"]
[Opening "Réti opening"]
[ECO "A04"]
[Time "18:34:20"]
[TimeControl "2700+45"]

1. Nf3 e6 2. d4 d5 3. c4 c6 4. Nc3 f5 5. e3 Nf6 6. Be2 Be7 7. O-O O-O 8. Rb1 a5
9. a3 Ne4 10. Nxe4 fxe4 11. Ne1 Bd6 12. g3 e5 13. Ng2 Nd7 14. cxd5 cxd5 15. dxe5
Nxe5 16. Qxd5+ Kh8 17. Rd1 Qf6 18. Nf4 Nf3+ 19. Bxf3 Bxf4 20. exf4 exf3 21. Qxf3
Bf5 22. Ra1 Qe6 23. Qe3 Qc6 24. b3 Rfe8 25. Qd4 Bh3 26. Qd5 Re1+ 27. Rxe1 Qxd5
{White resigns} 0-1

[Event "Team 45 45 League T50"]
[Site "Internet Chess Club"]
[Date "2011.08.25"]
[Round "2"]
[White "beitmery"]
[Black "Juan73"]
[Result "1-0"]
[WhiteElo "1579"]
[BlackElo "1635"]
[Opening "QGD: Marshall defense"]
[ECO "D06"]
[Time "16:04:27"]
[TimeControl "2700+45"]

1. d4 d5 2. c4 Nf6 3. Nc3 Nc6 4. cxd5 Nxd5 5. e4 Nf6 6. Nf3 Bg4 7. d5 Ne5 8. Be2
Nxf3+ 9. Bxf3 Qd7 10. e5 Bxf3 11. Qxf3 Ng8 12. O-O c6 13. Rd1 e6 14. dxc6 Qxc6
15. Qd3 Ne7 16. Bg5 h6 17. Ne4 Nd5 18. Rac1 Qb6 19. Bh4 Be7 20. Bxe7 Kxe7 21.
Nd6 Rhd8 22. Qa3 Qb4 23. Rc7+ Rd7 24. Nf5+ exf5 25. Rxd7+ Ke8 26. R7xd5 Qe4 27.
Qd3 Qxd3 28. R5xd3 Rc8 29. g3 Rc7 30. R1d2 Ke7 31. Rc3 Rxc3 32. bxc3 g5 33. f4
Ke6 34. h4 {Black resigns} 1-0

[Event "Team 45 45 League T50"]
[Site "Internet Chess Club"]
[Date "2011.08.20"]
[Round "2"]
[White "Andressa"]
[Black "Tjet"]
[Result "1/2-1/2"]
[WhiteElo "1439"]
[BlackElo "1483"]
[Opening "King's pawn opening"]
[ECO "B07"]
[Time "11:00:23"]
[TimeControl "2700+45"]

1. e4 d6 2. Nc3 e5 3. d4 exd4 4. Qxd4 Nc6 5. Qd1 a6 6. Nf3 Nf6 7. Bc4 Bg4 8. h3
Bh5 9. O-O Ne5 10. Be2 Nxf3+ 11. Bxf3 Bxf3 12. Qxf3 Be7 13. Bf4 Rb8 14. Rad1 Qc8
15. Qg3 Nh5 16. Qf3 Nxf4 17. Qxf4 O-O 18. e5 dxe5 19. Qxe5 Bf6 20. Qe3 Bxc3 21.
Qxc3 c6 22. Rd3 Qc7 23. Rfd1 Rbd8 24. Qd2 Rxd3 25. Qxd3 h6 26. Qd7 Qxd7 27. Rxd7
Rb8 28. b4 g6 29. a4 Kg7 30. c4 Kf6 31. c5 Ke6 32. Rd6+ Ke7 33. Kf1 Rd8 34. Rxd8
Kxd8 35. Ke2 Kc7 36. Kd3 b6 37. g4 b5 38. a5 Kd7 39. Ke4 Ke6 {Game drawn by
mutual agreement} 1/2-1/2

[Event "Team 45 45 League T50"]
[Site "Internet Chess Club"]
[Date "2011.08.21"]
[Round "2"]
[White "kmicc"]
[Black "bmw2002"]
[Result "1-0"]
[WhiteElo "1426"]
[BlackElo "1530"]
[Opening "Caro-Kann: Panov-Botvinnik attack, 5...e6"]
[ECO "B14"]
[Time "12:13:18"]
[TimeControl "2700+45"]

1. e4 c6 2. d4 d5 3. exd5 cxd5 4. c4 Nf6 5. Nc3 e6 6. c5 Nc6 7. Bb5 Bd7 8. Bg5
g6 9. Nf3 Bg7 10. O-O O-O 11. Qd2 b6 12. Bxc6 Bxc6 13. b4 Qc7 14. Bf4 Qb7 15.
Bh6 Ne4 16. Nxe4 dxe4 17. Nh4 Rfd8 18. Bxg7 Kxg7 19. Rfe1 e5 20. d5 Rxd5 21. Qb2
Rad8 22. g3 f6 23. Qc2 Rd2 24. Qc4 R8d4 25. Qb3 bxc5 26. bxc5 Qd7 27. Ng2 f5 28.
Qc3 Qe6 29. Qa5 Qe7 30. Qa6 Qd7 31. Qa5 Rc2 32. Qa3 Rdd2 33. Rf1 Ba8 34. Ne3 Rd3
35. Qb4 Rcd2 36. Qb8 Qb7 37. Qxe5+ Kf7 38. Qh8 Ke6 39. Qg8+ Ke5 40. Qe8+ Kd4 41.
Qf8 Rxe3 42. fxe3+ Kxe3 43. Rae1+ Kd3 44. Qd6+ Kc3 45. Qf4 Rd3 46. Rc1+ Kd4 47.
Rcd1 Kxc5 48. Qe5+ Kc4 49. Rc1+ {Black resigns} 1-0

[Event "Team 45 45 League T50"]
[Site "Internet Chess Club"]
[Date "2011.08.20"]
[Round "2"]
[White "Gilguli"]
[Black "cazj"]
[Result "1-0"]
[WhiteElo "1402"]
[BlackElo "1333"]
[Opening "QGD Slav: 4.Nc3"]
[ECO "D15"]
[Time "10:07:08"]
[TimeControl "2700+45"]

1. d4 d5 2. Nf3 Nf6 3. c4 c6 4. Nc3 Bf5 5. cxd5 cxd5 6. Qb3 Qd7 7. Ne5 Qc8 8.
Nxd5 Nxd5 9. Qxd5 e6 10. Qb5+ Nd7 11. Nxd7 Bb4+ 12. Qxb4 Qxd7 13. Bf4 Rc8 14. e3
Rc2 15. Bb5 Rc6 16. Bxc6 bxc6 17. Qb8+ Qd8 18. Qxd8+ Kxd8 19. Rc1 Kd7 20. O-O f6
21. Rc3 h5 22. h3 g5 23. Bh2 h4 24. Rfc1 Rc8 25. Ra3 Ra8 26. Ra6 {Black resigns}
1-0

[Event "Team 45 45 League T50"]
[Site "Internet Chess Club"]
[Date "2011.08.22"]
[Round "2"]
[White "irock2011"]
[Black "blizzard13"]
[Result "0-1"]
[WhiteElo "1303"]
[BlackElo "1468"]
[Opening "French: advance, Euwe variation"]
[ECO "C02"]
[Time "14:01:02"]
[TimeControl "2700+45"]

1. e4 e6 2. d4 d5 3. e5 c5 4. c3 Nc6 5. Nf3 Bd7 6. Be2 Nge7 7. Bf4 Nf5 8. O-O c4
9. Nbd2 Be7 10. b3 b5 11. Qc2 g5 12. Be3 g4 13. Qc1 gxf3 14. Nxf3 h6 15. Bf4 Qc7
16. b4 O-O-O 17. Qc2 Rdg8 18. g3 Bg5 19. Bxg5 hxg5 20. Qd2 Qd8 21. a4 g4 22. Ne1
Qb6 23. axb5 Qxb5 24. Nc2 Kd8 25. Ra3 Ke7 26. Rfa1 Rh5 27. Ra6 Rgh8 28. Kf1 Rxh2
29. Qg5+ Kf8 30. Bxg4 Rh1+ 31. Kg2 Rxa1 32. Rxa1 a6 33. Bh5 Rg8 34. Qf6 Be8 35.
Ra3 Qb7 36. Ra2 Nb8 37. Ra5 Qe7 38. Qxe7+ Nxe7 39. Ne3 Rg5 40. g4 Bb5 41. f4 Rg8
42. Kf3 Kg7 43. f5 exf5 44. gxf5 Kh6 45. Bg4 Kg5 46. f6 Ng6 47. Nxd5 Bc6 48. Kg3
Rd8 49. Nc7 Bb7 50. Rc5 Nc6 51. d5 Ncxe5 52. d6 Rxd6 53. Ne8 Rd3+ 54. Kf2 Kxg4
55. Ke2 Bf3+ 56. Kf2 Rd2+ 57. Ke3 Rd3+ 58. Kf2 Rxc3 59. Nd6 Nd3+ 60. Ke3 Nxc5+
61. Kd4 Na4 62. Nxc4 Rb3 63. Ne3+ Kg5 64. Nc2 Kxf6 65. Kc4 Rc3+ 66. Kd4 Rxc2 67.
Ke3 Bc6 68. Kd3 Rc1 69. Kd2 Rb1 70. Kd3 Rxb4 {White resigns} 0-1

[Event "Team 45 45 League T50"]
[Site "Internet Chess Club"]
[Date "2011.08.21"]
[Round "2"]
[White "houseofcook"]
[Black "ausya"]
[Result "0-1"]
[WhiteElo "1415"]
[BlackElo "1393"]
[Opening "Giuoco Piano"]
[ECO "C44"]
[Time "09:00:18"]
[TimeControl "2700+45"]

1. e4 e5 2. Nf3 Nc6 3. d4 exd4 4. Bc4 Bc5 5. c3 Nf6 6. cxd4 Bb4+ 7. Bd2 Nxe4 8.
Bxb4 Nxb4 9. Bxf7+ Kxf7 10. Qb3+ d5 11. Qxb4 Qd6 12. Qb3 Re8 13. O-O Kg8 14. Re1
Bf5 15. Nc3 Nxc3 16. Qxc3 Rac8 17. Rxe8+ Rxe8 18. Re1 Rxe1+ 19. Qxe1 Qe6 20.
Qxe6+ Bxe6 21. Ne5 Kf8 22. f4 Ke7 23. Kf2 Kd6 24. Ke3 c5 25. dxc5+ Kxc5 26. Kd3
Bf5+ 27. Kd2 Be4 28. g3 Bb1 29. a3 Be4 30. h4 h5 31. b4+ Kd4 32. a4 Bg2 33. a5
Ke4 34. b5 Kf5 35. Ke3 Ke6 36. Kd4 a6 37. b6 Kd6 38. g4 hxg4 39. Nxg4 Kc6 40.
Ne3 Be4 41. f5 Bf3 42. h5 Bxh5 43. Nxd5 Kb5 44. Nc7+ Kxa5 45. Kc5 g6 46. fxg6
Bxg6 47. Ne6 Ka4 48. Nc7 Be4 49. Nd5 Bxd5 50. Kxd5 Kb5 {White resigns} 0-1

[Event "Team 45 45 League T50"]
[Site "Internet Chess Club"]
[Date "2011.08.19"]
[Round "2"]
[White "spongenotbob"]
[Black "Mymas"]
[Result "1-0"]
[WhiteElo "1462"]
[BlackElo "1480"]
[Opening "QGD: 4.Nf3"]
[ECO "D37"]
[Time "20:04:11"]
[TimeControl "2700+45"]

1. d4 d5 2. c4 e6 3. Nc3 Nf6 4. Nf3 Be7 5. e3 O-O 6. Bd3 dxc4 7. Bxc4 Nbd7 8.
O-O b6 9. e4 Bb7 10. Re1 Rc8 11. Bf4 Bb4 12. e5 Nd5 13. Bxd5 Bxd5 14. a3 Bxc3
15. bxc3 c5 16. Qd3 cxd4 17. cxd4 Bc4 18. Qd1 Nb8 19. Rc1 Qd7 20. Re3 Bd5 21.
Rxc8 Rxc8 22. Nd2 Bb7 23. Rh3 Qxd4 24. g3 Qd5 25. f3 Qc5+ 26. Kh1 Qc1 27. Qxc1
Rxc1+ 28. Kg2 Rc3 29. g4 Rxa3 30. Nc4 Ra2+ 31. Kg3 Bd5 32. Nd6 a5 33. Kh4 h6 34.
g5 a4 35. gxh6 gxh6 36. Rg3+ Kh7 37. Rg1 a3 38. Nxf7 Bxf3 39. Nxh6 Rg2 40. Ra1
a2 41. Kh3 Rb2 42. Nf7 Bd5 43. Ng5+ Kg6 44. Rg1 Rb1 45. Rg4 a1=Q 46. Ne4+ Kf5
47. Nd6# {Black checkmated} 1-0

[Event "Team 45 45 League T50"]
[Site "Internet Chess Club"]
[Date "2011.08.19"]
[Round "2"]
[White "Joeohio"]
[Black "tworivers"]
[Result "1-0"]
[WhiteElo "1482"]
[BlackElo "1440"]
[Opening "Scandinavian defense"]
[ECO "B01"]
[Time "11:02:56"]
[TimeControl "2700+45"]

1. e4 d5 2. exd5 Nf6 3. Bb5+ Bd7 4. Bxd7+ Qxd7 5. Nc3 Nxd5 6. Nxd5 Qxd5 7. Nf3
Nc6 8. d4 O-O-O 9. Be3 e5 10. c3 Be7 11. O-O h6 12. Qd2 e4 13. Ne1 g5 14. b3 f5
15. Qd1 Kb8 16. c4 Qf7 17. Nc2 Bf6 18. Qd2 f4 19. Rfe1 fxe3 20. fxe3 Rhf8 21.
Qc3 Qg7 22. Kh1 g4 23. b4 Ne7 24. a4 Nf5 25. a5 a6 26. b5 axb5 27. cxb5 b6 28.
a6 Ka7 29. Nb4 Ne7 30. Qxc7+ Ka8 31. Qb7# {Black checkmated} 1-0

[Event "Team 45 45 League T50"]
[Site "Internet Chess Club"]
[Date "2011.08.20"]
[Round "2"]
[White "medsurg"]
[Black "papricka205"]
[Result "1-0"]
[WhiteElo "1404"]
[BlackElo "1428"]
[Opening "Ruy Lopez: 5.O-O"]
[ECO "C78"]
[Time "17:00:50"]
[TimeControl "2700+45"]

1. e4 e5 2. Nf3 Nc6 3. Bb5 a6 4. Ba4 Nf6 5. O-O b5 6. Bb3 d5 7. exd5 Nxd5 8. d4
e4 9. Ne5 Nce7 10. Nc3 h5 11. Nxe4 Bf5 12. Qf3 Bxe4 13. Qxf7# {Black checkmated}
1-0

[Event "Team 45 45 League T50"]
[Site "Internet Chess Club"]
[Date "2011.08.23"]
[Round "2"]
[White "alexping"]
[Black "crimsonviper"]
[Result "1-0"]
[WhiteElo "1924"]
[BlackElo "1885"]
[Opening "QGD Slav: 3.Nf3"]
[ECO "D11"]
[Time "11:08:54"]
[TimeControl "2700+45"]

1. d4 d5 2. c4 c6 3. Nf3 Bf5 4. Nc3 Nf6 5. Qb3 Qb6 6. Qxb6 axb6 7. cxd5 Nxd5 8.
Nxd5 cxd5 9. e3 Nc6 10. Bd2 f6 11. Bb5 e6 12. Ke2 Bd6 13. Rhc1 Kd7 14. h3 h6 15.
Ne1 e5 16. Bc3 e4 17. Nc2 Ke6 18. Kd1 g5 19. a3 g4 20. hxg4 Bxg4+ 21. Be2 Rhg8
22. g3 h5 23. Kd2 Rg7 24. Rh1 f5 25. Bxg4 hxg4 26. Rh6+ Ke7 27. Rah1 Rag8 28.
R1h5 Rf7 29. Bb4 Rd8 30. Bxd6+ Rxd6 31. Rh7 Rf6 32. b4 b5 33. Ne1 Na7 34. Rxf7+
Rxf7 35. Ng2 Nc8 36. Nf4 Nb6 37. Kc3 Kd6 38. Rh6+ Kc7 39. Kb3 Re7 40. Rxb6 Rh7
41. Nxd5+ Kc8 42. Rf6 {Black resigns} 1-0

[Event "Team 45 45 League T50"]
[Site "Internet Chess Club"]
[Date "2011.08.21"]
[Round "2"]
[White "BuddyT"]
[Black "MontanaSky"]
[Result "1-0"]
[WhiteElo "1776"]
[BlackElo "1795"]
[Opening "King's Indian: Gligoric-Taimanov system"]
[ECO "E92"]
[Time "11:00:31"]
[TimeControl "2700+45"]

1. d4 Nf6 2. Nf3 g6 3. c4 Bg7 4. Nc3 d6 5. e4 O-O 6. Be2 e5 7. Be3 Nc6 8. d5 Ne7
9. Nd2 Nd7 10. b4 f5 11. f3 f4 12. Bf2 g5 13. c5 Nf6 14. cxd6 cxd6 15. Nc4 Ng6
16. Nb5 g4 17. Nbxd6 gxf3 18. gxf3 Ne8 19. Nxc8 Rxc8 20. Bxa7 Rf7 21. Bf2 Nd6
22. Nxd6 Qxd6 23. a3 Bf6 24. Rc1 Rfc7 25. Rxc7 Rxc7 26. O-O Bh4 27. Qe1 Bxf2+
28. Rxf2 Qb6 29. Kf1 Qe3 30. Bd1 Qxa3 31. Qd2 Qa6+ 32. Be2 Qa1+ 33. Bd1 Rc1 34.
Ke2 Rb1 35. Ke1 Qa3 36. d6 Qxb4 37. d7 {Black resigns} 1-0

[Event "Team 45 45 League T50"]
[Site "Internet Chess Club"]
[Date "2011.08.21"]
[Round "2"]
[White "misuc56"]
[Black "wrimle"]
[Result "1-0"]
[WhiteElo "1781"]
[BlackElo "1644"]
[Opening "Dutch"]
[ECO "A80"]
[Time "15:01:21"]
[TimeControl "2700+45"]

1. d4 f5 2. Nf3 g6 3. g3 Nf6 4. Bg2 Bg7 5. c3 O-O 6. O-O d6 7. Nbd2 Kh8 8. Ng5
h6 9. Ngf3 Nbd7 10. e4 fxe4 11. Nh4 Qe8 12. Nxe4 Kh7 13. Qc2 d5 14. Nd2 c6 15.
f4 Nb6 16. Re1 Qf7 17. Ndf3 Ng8 18. b3 Bf5 19. Nxf5 Qxf5 20. Qxf5 Rxf5 21. a4
Re8 22. a5 Nc8 23. a6 b6 24. Bh3 Rff8 25. Bd7 Rd8 26. Bxc6 Rf6 27. Bb5 Nd6 28.
Bd3 Rc8 29. Bb2 Kh8 30. Kg2 Rcf8 31. Ne5 Nf5 32. Nd7 g5 33. Nxf8 Rxf8 34. Bc1
gxf4 35. Bxf4 Nh4+ 36. Kh1 Nf3 37. Rf1 Ng5 38. Bxg5 hxg5 39. Rxf8 Bxf8 40. Re1
Nf6 41. Re5 Ng4 42. Rf5 Bg7 43. h3 Ne3 44. Rxg5 Nd1 45. Rh5+ Kg8 46. Bh7+ Kf8
47. Rxd5 Nxc3 48. Rd7 Nb5 49. Bd3 Nxd4 50. Bc4 b5 51. Rd8# {Black checkmated}
1-0

[Event "Team 45 45 League T50"]
[Site "Internet Chess Club"]
[Date "2011.08.23"]
[Round "2"]
[White "jps7"]
[Black "rubo"]
[Result "1/2-1/2"]
[WhiteElo "1697"]
[BlackElo "1732"]
[Opening "Queen's pawn: Yusupov-Rubinstein system"]
[ECO "A46"]
[Time "15:00:19"]
[TimeControl "2700+45"]

1. d4 Nf6 2. Nf3 e6 3. e3 c5 4. b3 cxd4 5. exd4 d5 6. Bd3 Nc6 7. a3 g6 8. Bb2
Bg7 9. Nbd2 O-O 10. O-O a6 11. Ne5 Qc7 12. f4 b5 13. Rc1 Bb7 14. c4 dxc4 15.
bxc4 bxc4 16. Rxc4 Qb6 17. Qc2 Rac8 18. Nb3 Nxe5 19. fxe5 Rxc4 20. Bxc4 Ng4 21.
Nc5 Ne3 22. Nd7 Qc6 23. Qf2 Qxd7 24. Qxe3 Qc6 25. Qf3 Qb6 26. Qc3 Bxe5 27. Kh1
Qc6 28. d5 Bxc3 29. dxc6 Bxb2 30. cxb7 Bxa3 31. Bxe6 Bd6 32. Bc8 Bb8 33. Ra1 Rd8
34. g3 Rd6 35. Rc1 Kf8 36. Bh3 Ke7 37. Rc8 Rd8 38. Rc6 Rd6 39. Rc8 Rd8 40. Rc1
f5 41. Bf1 a5 42. Rc5 a4 43. Ra5 Rd1 44. Kg2 Rd2+ 45. Kh3 Rb2 46. Ba6 Rb4 47.
Bb5 Kd6 48. Bxa4 Rxb7 49. Kh4 Bc7 50. Ra6+ Ke5 51. Kg5 Bd8+ 52. Kh6 g5 53. Ra8
Bf6 54. Re8+ Re7 55. Rg8 f4 56. gxf4+ gxf4 57. Kh5 f3 58. Rg1 Kf4 59. Rf1 Re2
60. h3 Rh2 61. Bd7 Rc2 62. Bg4 f2 63. Kh6 Bg5+ 64. Kxh7 Kg3 65. Kg6 Rc1 66. Rxc1
Bxc1 67. Be2 Kxh3 68. Ba6 {Game drawn by mutual agreement} 1/2-1/2

[Event "Team 45 45 League T50"]
[Site "Internet Chess Club"]
[Date "2011.08.19"]
[Round "2"]
[White "Epcot"]
[Black "Innes"]
[Result "1-0"]
[WhiteElo "1880"]
[BlackElo "1601"]
[Opening "Queen's pawn: Charlick (Englund) gambit"]
[ECO "A40"]
[Time "13:04:05"]
[TimeControl "2700+45"]

1. d4 e5 2. dxe5 Nc6 3. Nf3 f6 4. exf6 Nxf6 5. Nc3 d5 6. Bg5 Bb4 7. e3 O-O 8.
Be2 Be6 9. O-O Bxc3 10. bxc3 Qe8 11. Bxf6 Rxf6 12. Nd4 Ne5 13. f4 Nf7 14. Bf3 c5
15. Nxe6 Qxe6 16. Re1 Rd8 17. Qd3 c4 18. Qd4 b6 19. Rad1 Kh8 20. Bxd5 Qg4 21.
Bf3 Rxd4 22. Bxg4 Rxd1 23. Rxd1 Rd6 24. Rd4 Rxd4 25. cxd4 Nd6 26. Bf3 g6 27. e4
Kg7 28. d5 Kf7 29. Kf2 b5 30. e5 Nf5 31. g4 Nd4 32. c3 Nc2 33. f5 a5 34. d6 b4
35. Bd5+ Ke8 36. e6 Na3 37. Bc6+ Kf8 38. e7+ {Black resigns} 1-0

[Event "Team 45 45 League T50"]
[Site "Internet Chess Club"]
[Date "2011.08.19"]
[Round "2"]
[White "badmove"]
[Black "DARKwizard1"]
[Result "0-1"]
[WhiteElo "1779"]
[BlackElo "1993"]
[Opening "Vienna game, Max Lange defense"]
[ECO "B00"]
[Time "16:01:14"]
[TimeControl "2700+45"]

1. e4 Nc6 2. Nc3 e5 3. Bc4 Bc5 4. Qg4 g6 5. Qf3 Nf6 6. Nge2 O-O 7. d3 Kg7 8. Bg5
Be7 9. h4 h5 10. Qe3 Nb4 11. O-O-O Ng4 12. Qg3 Bxg5+ 13. hxg5 Qxg5+ 14. f4 exf4
15. Nxf4 c6 16. a3 d5 17. exd5 cxd5 18. Bb3 Nc6 19. Nxd5 Nd4 20. Rde1 Nxb3+ 21.
cxb3 Be6 22. Rxe6 fxe6 23. Kc2 Qf5 24. Nxh5+ gxh5 25. Rf1 Rac8+ {White resigns}
0-1

[Event "Team 45 45 League T50"]
[Site "Internet Chess Club"]
[Date "2011.08.19"]
[Round "2"]
[White "Kingofknights"]
[Black "Knight2night"]
[Result "1-0"]
[WhiteElo "1681"]
[BlackElo "1256"]
[Opening "King's Indian: Sämisch, 5...O-O"]
[ECO "E81"]
[Time "19:30:08"]
[TimeControl "2700+45"]

1. d4 Nf6 2. c4 g6 3. Nc3 Bg7 4. e4 d6 5. f3 O-O 6. Bd3 Nbd7 7. Nge2 e5 8. d5
Nc5 9. Be3 Nxd3+ 10. Qxd3 c6 11. dxc6 bxc6 12. Rd1 Ne8 13. O-O Qa5 14. Qd2 Be6
15. b3 Rd8 16. Na4 Qc7 17. Nec3 Nf6 18. Qf2 Ra8 19. Rd2 Rfd8 20. Rfd1 d5 21.
cxd5 cxd5 22. exd5 Bd7 23. d6 Qb7 24. Nc5 Qc6 25. Nd5 Qxd6 26. Nxf6+ Qxf6 27.
Nxd7 Qe6 28. Nc5 Qe7 29. Rxd8+ Rxd8 30. Rxd8+ Qxd8 31. Qd2 Qe7 32. Qd7 Qh4 33.
Bf2 Qf4 34. Qd3 Bf8 35. Qe3 Bxc5 36. Qxc5 Qd2 37. Qxe5 Qxa2 38. Bd4 Qb1+ 39. Kf2
Kf8 40. Qd6+ Ke8 41. Bf6 Qc2+ 42. Kg3 {Black resigns} 1-0

[Event "Team 45 45 League T50"]
[Site "Internet Chess Club"]
[Date "2011.08.18"]
[Round "2"]
[White "NFork"]
[Black "eurander"]
[Result "1/2-1/2"]
[WhiteElo "2283"]
[BlackElo "2142"]
[Opening "Caro-Kann: anti-anti-Caro-Kann defense"]
[ECO "B10"]
[Time "05:00:38"]
[TimeControl "2700+45"]

1. e4 c6 2. c4 d5 3. cxd5 cxd5 4. exd5 Nf6 5. Qa4+ Nbd7 6. Nf3 g6 7. Ng5 Bg7 8.
Ne6 fxe6 9. dxe6 Qc7 10. exd7+ Bxd7 11. Qc4 Qe5+ 12. Qe2 Nd5 13. Qxe5 Bxe5 14.
Bc4 Rc8 15. Na3 Nb4 16. O-O Bf5 17. Bb5+ Kf7 18. Nc4 Bf6 19. Ne3 Bd3 20. Bxd3
Nxd3 21. Rb1 Rhd8 22. b3 {Game drawn by mutual agreement} 1/2-1/2